| TOP OF THE 1ST |
|
Kingsport Mets batting - Pitching for Bristol Pirates : RHP Otok Barleyfoot
|
|
Pitching: RHP Otok Barleyfoot
|
|
|
Batting: SHB Tyler Maddux
|
0-0: Swinging Strike 0-1: Fly out, F7 (Flyball, 7S, EV 96.2 MPH)
|
|
Batting: LHB Jeremy Moorehead
|
0-0: Foul Ball, location: 2F 0-1: Ground out 4-3 (Groundball, 4, EV 103.8 MPH)
|
|
Batting: LHB Dan Bremseth
|
0-0: DOUBLE (Line Drive, 3D, EV 103.1 MPH)
|
|
Batting: LHB Miguel Ramos
|
0-0: Called Strike 0-1: Ball 1-1: Ball 2-1: Called Strike 2-2: Strikes out swinging
|
| Top of the 1st over - 0 runs, 1 hit, 0 errors, 1 left on base; Kingsport 0 - Bristol 0 |
| BOTTOM OF THE 1ST |
|
Bristol Pirates batting - Pitching for Kingsport Mets : RHP Andy Carrell
|
|
Pitching: RHP Andy Carrell
|
|
|
Batting: SHB Don Hauk
|
0-0: Ball 1-0: Called Strike 1-1: Ball 2-1: Foul Ball, location: 2F 2-2: Ground out 4-3 (Groundball, 34, EV 101.2 MPH)
|
|
Batting: RHB Pete Hutton
|
0-0: Called Strike 0-1: Ground out 4-3 (Groundball, 4, EV 86.2 MPH)
|
|
Batting: LHB Randy Boone
|
0-0: Called Strike 0-1: Ground out 4-3 (Groundball, 4, EV 98.1 MPH)
|
| Bottom of the 1st over - 0 runs, 0 hits, 0 errors, 0 left on base; Kingsport 0 - Bristol 0 |
| TOP OF THE 2ND |
|
Kingsport Mets batting - Pitching for Bristol Pirates : RHP Otok Barleyfoot
|
|
Batting: SHB Nick Daigle
|
0-0: Foul Ball, location: 2F 0-1: Swinging Strike 0-2: SINGLE (Flyball, 78M, EV 88.8 MPH)
|
|
Batting: LHB Matt Baker
|
0-0: Called Strike 0-1: Ball 1-1: Foul Ball, location: 2F 1-2: Strikes out swinging
|
|
Batting: RHB Chris Graham
|
0-0: Called Strike 0-1: Ball 1-1: Foul Ball, location: 2F 1-2: Fly out, F9 (Line Drive, 9, EV 101.9 MPH)
|
|
Batting: RHB Danny Runberg
|
0-0: Called Strike Nick Daigle is caught stealing 2nd base 2-4
|
| Top of the 2nd over - 0 runs, 1 hit, 0 errors, 0 left on base; Kingsport 0 - Bristol 0 |
| BOTTOM OF THE 2ND |
|
Bristol Pirates batting - Pitching for Kingsport Mets : RHP Andy Carrell
|
|
Batting: RHB Randy Bergman
|
0-0: Called Strike 0-1: Ball 1-1: Foul Ball, location: 2F 1-2: Ball 2-2: Strikes out swinging
|
|
Batting: RHB Alain Marquet
|
0-0: Called Strike 0-1: Ball 1-1: Ball 2-1: Ball 3-1: SINGLE (Groundball, 56D, EV 98.8 MPH)
|
|
Batting: SHB Ronnie Brooks
|
0-0: Foul Ball, location: 2F 0-1: DOUBLE (Flyball, 78D, EV 100.0 MPH) Alain Marquet to third
|
|
Batting: RHB Steve Terres
|
0-0: Ball 1-0: Ball Passed Ball! Alain Marquet scores Ronnie Brooks to third 2-0: Ball 3-0: Called Strike 3-1: SINGLE (Groundball, 25, EV 63.8 MPH) (infield hit)
|
|
Batting: RHB Rob Colley
|
0-0: Fielders Choice at 2nd, 4-6 (Groundball, 34, EV 109.4 MPH) Ronnie Brooks scores
|
|
Batting: RHB Erik Mulligan
|
0-0: Swinging Strike 0-1: Ball Passed Ball! Rob Colley to second 1-1: Ball 2-1: Ball 3-1: Called Strike 3-2: SINGLE (Groundball, 56S, EV 65.6 MPH) (infield hit) Rob Colley to third
|
|
Batting: SHB Don Hauk
|
0-0: Called Strike 0-1: Fly out, F7 (Flyball, 7D, EV 101.2 MPH)
|
| Bottom of the 2nd over - 2 runs, 4 hits, 0 errors, 2 left on base; Kingsport 0 - Bristol 2 |
| TOP OF THE 3RD |
|
Kingsport Mets batting - Pitching for Bristol Pirates : RHP Otok Barleyfoot
|
|
Batting: RHB Danny Runberg
|
0-0: Called Strike 0-1: Ball 1-1: Swinging Strike 1-2: Ball 2-2: Foul Ball, location: 2F 2-2: Ball 3-2: Foul Ball, location: 2F 3-2: Base on Balls
|
|
Batting: RHB Andy Carrell
|
0-0: Called Strike 0-1: Foul Ball, location: 2F 0-2: Strikes out swinging
|
|
Batting: SHB Tyler Maddux
|
0-0: Called Strike 0-1: Ball 1-1: Called Strike 1-2: Foul Ball, location: 2F 1-2: Ball 2-2: Strikes out swinging
|
|
Batting: LHB Jeremy Moorehead
|
0-0: Called Strike 0-1: Ground out 4-3 (Groundball, 4, EV 100.6 MPH)
|
| Top of the 3rd over - 0 runs, 0 hits, 0 errors, 1 left on base; Kingsport 0 - Bristol 2 |
| BOTTOM OF THE 3RD |
|
Bristol Pirates batting - Pitching for Kingsport Mets : RHP Andy Carrell
|
|
Batting: RHB Pete Hutton
|
0-0: Swinging Strike 0-1: Ball 1-1: Ball 2-1: Ball 3-1: SINGLE (Line Drive, 8LS, EV 101.9 MPH)
|
|
Batting: LHB Randy Boone
|
0-0: Called Strike 0-1: Ball 1-1: Called Strike 1-2: Ball 2-2: DOUBLE (Line Drive, 5D, EV 99.4 MPH) Pete Hutton to third
|
|
Batting: RHB Randy Bergman
|
0-0: Ball 1-0: Ball 2-0: Ball 3-0: Called Strike 3-1: Base on Balls
|
|
Batting: RHB Alain Marquet
|
0-0: Ball 1-0: Called Strike 1-1: Ball Passed Ball! Pete Hutton scores Randy Boone to third Randy Bergman to second 2-1: Foul Ball, location: 2F 2-2: Ball 3-2: Hit by Pitch
|
|
Batting: SHB Ronnie Brooks
|
0-0: Ball Passed Ball! Randy Boone scores Randy Bergman to third Alain Marquet to second 1-0: Ball 2-0: Ball 3-0: Called Strike 3-1: Swinging Strike 3-2: Base on Balls
|
|
Batting: RHB Steve Terres
|
0-0: Ball 1-0: Called Strike 1-1: Called Strike 1-2: Strikes out swinging
|
|
Batting: RHB Rob Colley
|
0-0: Ball 1-0: Called Strike 1-1: Swinging Strike 1-2: Foul Ball, location: 2F 1-2: Foul Ball, location: 2F 1-2: Strikes out swinging
|
|
Batting: RHB Erik Mulligan
|
0-0: Ball 1-0: Called Strike 1-1: Swinging Strike 1-2: Ball 2-2: Foul Ball, location: 2F 2-2: Strikes out swinging
|
| Bottom of the 3rd over - 2 runs, 2 hits, 0 errors, 3 left on base; Kingsport 0 - Bristol 4 |
| TOP OF THE 4TH |
|
Kingsport Mets batting - Pitching for Bristol Pirates : RHP Otok Barleyfoot
|
|
Batting: LHB Dan Bremseth
|
0-0: Ball 1-0: Ball 2-0: Called Strike 2-1: Called Strike 2-2: Ball 3-2: Base on Balls
|
|
Batting: LHB Miguel Ramos
|
0-0: Called Strike Dan Bremseth is caught stealing 2nd base 2-6 0-1: Ball 1-1: Swinging Strike 1-2: Foul Ball, location: 2F 1-2: Ball 2-2: Ball 3-2: Foul Ball, location: 2F 3-2: Foul Ball, location: 2F 3-2: Foul Ball, location: 2F 3-2: Foul Ball, location: 2F 3-2: Foul Ball, location: 2F 3-2: Strikes out swinging
|
|
Batting: SHB Nick Daigle
|
0-0: Called Strike 0-1: Ball 1-1: Foul Ball, location: 2F 1-2: Ball 2-2: SINGLE (Groundball, 34D, EV 108.1 MPH)
|
|
Batting: LHB Matt Baker
|
0-0: Ball 1-0: Foul Ball, location: 2F 1-1: Ball 2-1: Ball 3-1: Base on Balls Nick Daigle to second
|
|
Batting: RHB Chris Graham
|
0-0: Foul Ball, location: 2F 0-1: Ball 1-1: Ball 2-1: Ground out U3 (Groundball, 34S, EV 92.5 MPH)
|
| Top of the 4th over - 0 runs, 1 hit, 0 errors, 2 left on base; Kingsport 0 - Bristol 4 |
| BOTTOM OF THE 4TH |
|
Bristol Pirates batting - Pitching for Kingsport Mets : RHP Andy Carrell
|
|
Batting: SHB Don Hauk
|
0-0: Ball 1-0: Ball 2-0: Ball 3-0: Base on Balls
|
|
Batting: RHB Pete Hutton
|
0-0: Fielders Choice at 2nd, 5-4 (Groundball, 5S, EV 84.4 MPH)
|
|
Batting: LHB Randy Boone
|
0-0: Ball Passed Ball! Pete Hutton to second 1-0: Ball 2-0: Ball 3-0: Called Strike 3-1: Fly out, F5 (Popup, 56, EV 83.1 MPH)
|
|
Batting: RHB Randy Bergman
|
0-0: 2-RUN HOME RUN (Flyball, 89XD, EV 97.5 MPH), Distance : 387 ft
|
|
Batting: RHB Alain Marquet
|
0-0: Foul Ball, location: 2F 0-1: Swinging Strike 0-2: Ball 1-2: Strikes out looking
|
| Bottom of the 4th over - 2 runs, 1 hit, 0 errors, 0 left on base; Kingsport 0 - Bristol 6 |
| TOP OF THE 5TH |
|
Kingsport Mets batting - Pitching for Bristol Pirates : RHP Otok Barleyfoot
|
|
Batting: RHB Danny Runberg
|
0-0: Ball 1-0: Ball 2-0: Ball 3-0: Called Strike 3-1: Base on Balls
|
|
Batting: RHB Andy Carrell
|
0-0: Foul Ball, location: 2F 0-1: Ball 1-1: Grounds into double play, 6-4-3 (Groundball, 6, EV 101.2 MPH)
|
|
Batting: SHB Tyler Maddux
|
0-0: Ball 1-0: Called Strike 1-1: Fly out, F4 (Line Drive, 4, EV 65.6 MPH)
|
| Top of the 5th over - 0 runs, 0 hits, 0 errors, 0 left on base; Kingsport 0 - Bristol 6 |
| BOTTOM OF THE 5TH |
|
Bristol Pirates batting - Pitching for Kingsport Mets : RHP Andy Carrell
|
|
Batting: SHB Ronnie Brooks
|
0-0: Called Strike 0-1: SINGLE (Line Drive, 89S, EV 102.5 MPH)
|
|
Pitching: LHP Tony Diaz
|
|
|
Batting: RHB Steve Terres
|
0-0: Ball 1-0: Fly out, F6 (Popup, 6MS, EV 61.9 MPH)
|
|
Batting: RHB Rob Colley
|
0-0: Ball 1-0: Ball Passed Ball! Ronnie Brooks to second 2-0: Foul Ball, location: 2F 2-1: Ball 3-1: Base on Balls
|
|
Batting: RHB Erik Mulligan
|
0-0: Ball 1-0: Called Strike 1-1: Ball Wild Pitch! Ronnie Brooks to third Rob Colley to second 2-1: Ground out 6-3 (Groundball, 6M, EV 96.9 MPH) Ronnie Brooks scores Rob Colley to third
|
|
Batting: SHB Don Hauk
|
0-0: Foul Ball, location: 2F 0-1: Ball 1-1: Foul Ball, location: 2F 1-2: Ball Passed Ball! Rob Colley scores 2-2: Foul Ball, location: 2F 2-2: Ground out 6-3 (Groundball, 56D, EV 106.9 MPH)
|
| Bottom of the 5th over - 2 runs, 1 hit, 0 errors, 0 left on base; Kingsport 0 - Bristol 8 |
| TOP OF THE 6TH |
|
Kingsport Mets batting - Pitching for Bristol Pirates : RHP Otok Barleyfoot
|
|
Batting: LHB Jeremy Moorehead
|
0-0: Called Strike 0-1: Called Strike 0-2: Ball 1-2: Ground out 6-3 (Groundball, 6M, EV 98.1 MPH)
|
|
Batting: LHB Dan Bremseth
|
0-0: Called Strike 0-1: Ball 1-1: Called Strike 1-2: Ball 2-2: SINGLE (Groundball, 34S, EV 66.9 MPH) (infield hit)
|
|
Batting: LHB Miguel Ramos
|
0-0: Ball 1-0: TRIPLE (Line Drive, 78XD, EV 109.4 MPH) Dan Bremseth scores
|
|
Batting: SHB Nick Daigle
|
0-0: Ground out 3-1 (Groundball, 34S, EV 86.9 MPH) Miguel Ramos scores
|
|
Batting: LHB Matt Baker
|
0-0: Called Strike 0-1: Ground out 4-3 (Groundball, 4, EV 95.6 MPH)
|
| Top of the 6th over - 2 runs, 2 hits, 0 errors, 0 left on base; Kingsport 2 - Bristol 8 |
| BOTTOM OF THE 6TH |
|
Bristol Pirates batting - Pitching for Kingsport Mets : LHP Tony Diaz
|
|
Batting: RHB Pete Hutton
|
0-0: Ball 1-0: Ball 2-0: Ball 3-0: Base on Balls
|
|
Pitching: RHP Pat Sprague
|
|
|
Batting: LHB Randy Boone
|
0-0: Ball 1-0: Foul Ball, location: 2F 1-1: Swinging Strike Passed Ball! Pete Hutton to second 1-2: SINGLE (Groundball, 56D, EV 107.5 MPH) Pete Hutton to third
|
|
Batting: RHB Randy Bergman
|
0-0: Ball 1-0: Called Strike 1-1: Ball 2-1: Ball 3-1: Base on Balls Randy Boone to second
|
|
Batting: RHB Alain Marquet
|
0-0: Fly out, F9 (Flyball, 9D, EV 110.6 MPH) Runner from 3rd tags up, SCORES, no throw by RF Randy Boone to third
|
|
Batting: SHB Ronnie Brooks
|
0-0: Ball 1-0: Ball 2-0: Grounds into double play, 4-6-3 (Groundball, 4, EV 103.8 MPH)
|
| Bottom of the 6th over - 1 run, 1 hit, 0 errors, 1 left on base; Kingsport 2 - Bristol 9 |
| TOP OF THE 7TH |
|
Kingsport Mets batting - Pitching for Bristol Pirates : RHP Otok Barleyfoot
|
|
Batting: RHB Chris Graham
|
0-0: Swinging Strike 0-1: Foul Ball, location: 2F 0-2: Strikes out swinging
|
|
Batting: RHB Danny Runberg
|
0-0: Ground out 4-3 (Groundball, 4, EV 92.5 MPH)
|
|
Batting: RHB Andy Carrell
|
0-0: Ball 1-0: Fly out, F3 (Popup, 34S, EV 73.8 MPH)
|
| Top of the 7th over - 0 runs, 0 hits, 0 errors, 0 left on base; Kingsport 2 - Bristol 9 |
| BOTTOM OF THE 7TH |
|
Bristol Pirates batting - Pitching for Kingsport Mets : RHP Pat Sprague
|
|
Batting: RHB Steve Terres
|
0-0: Called Strike 0-1: Swinging Strike 0-2: Ball 1-2: Ball 2-2: Ball 3-2: Base on Balls
|
|
Pitching: LHP Matt Allert
|
|
|
Batting: RHB Rob Colley
|
0-0: Ball 1-0: Ball 2-0: Called Strike 2-1: Foul Ball, location: 2F 2-2: Foul Ball, location: 2F 2-2: Grounds into double play, 6-4-3 (Groundball, 6, EV 103.8 MPH)
|
|
Batting: RHB Erik Mulligan
|
0-0: Called Strike 0-1: Swinging Strike 0-2: Strikes out swinging
|
| Bottom of the 7th over - 0 runs, 0 hits, 0 errors, 0 left on base; Kingsport 2 - Bristol 9 |
| TOP OF THE 8TH |
|
Kingsport Mets batting - Pitching for Bristol Pirates : RHP Otok Barleyfoot
|
|
Batting: SHB Tyler Maddux
|
0-0: Foul Ball, location: 2F 0-1: SINGLE (Flyball, 8RS, EV 98.1 MPH)
|
|
Batting: LHB Jeremy Moorehead
|
0-0: Ball 1-0: Foul Ball, location: 2F 1-1: Ball 2-1: SINGLE (Line Drive, 5D, EV 103.1 MPH) Tyler Maddux to second
|
|
Pinch Hitting: RHB Coltin Nellis
|
0-0: Called Strike 0-1: Called Strike 0-2: Strikes out swinging
|
|
Batting: LHB Miguel Ramos
|
0-0: Ball 1-0: Ball 2-0: Ball 3-0: Base on Balls Tyler Maddux to third Jeremy Moorehead to second
|
|
Batting: SHB Nick Daigle
|
0-0: Ball 1-0: Ball 2-0: Ball 3-0: Base on Balls Tyler Maddux scores Jeremy Moorehead to third Miguel Ramos to second
|
|
Batting: LHB Matt Baker
|
0-0: Ball 1-0: DOUBLE (Line Drive, 78D, EV 105.6 MPH) Jeremy Moorehead scores Miguel Ramos scores Nick Daigle to third
|
|
Batting: RHB Chris Graham
|
0-0: Swinging Strike 0-1: Swinging Strike 0-2: Foul Ball, location: 2F 0-2: Foul Ball, location: 2F 0-2: Strikes out swinging
|
|
Batting: RHB Danny Runberg
|
0-0: Ball 1-0: Fly out, F8 (Flyball, 8RM, EV 90.6 MPH)
|
| Top of the 8th over - 3 runs, 3 hits, 0 errors, 2 left on base; Kingsport 5 - Bristol 9 |
| BOTTOM OF THE 8TH |
|
Bristol Pirates batting - Pitching for Kingsport Mets : LHP Matt Allert
|
|
Now in LF: Jeremy Moorehead
|
|
|
Now in RF: Coltin Nellis
|
|
|
Batting: SHB Don Hauk
|
0-0: Ball 1-0: Ball 2-0: Ball 3-0: Base on Balls
|
|
Batting: RHB Pete Hutton
|
0-0: Ball Don Hauk is caught stealing 2nd base 2-4 1-0: Ground out 4-3 (Groundball, 4M, EV 86.9 MPH)
|
|
Batting: LHB Randy Boone
|
0-0: Called Strike 0-1: Ball 1-1: Ball 2-1: Swinging Strike 2-2: Foul Ball, location: 2F 2-2: Foul Ball, location: 2F 2-2: Strikes out looking
|
| Bottom of the 8th over - 0 runs, 0 hits, 0 errors, 0 left on base; Kingsport 5 - Bristol 9 |
| TOP OF THE 9TH |
|
Kingsport Mets batting - Pitching for Bristol Pirates : RHP Otok Barleyfoot
|
|
Batting: RHB Andy Carrell
|
0-0: Ball 1-0: Ground out 6-3 (Groundball, 6, EV 78.8 MPH)
|
|
Batting: SHB Tyler Maddux
|
0-0: Ball 1-0: Called Strike 1-1: Called Strike 1-2: Strikes out looking
|
|
Batting: LHB Jeremy Moorehead
|
0-0: Called Strike 0-1: Ball 1-1: SOLO HOME RUN (Line Drive, 89XD, EV 103.1 MPH), Distance : 396 ft
|
|
Pitching: RHP Onne Stubbe
|
|
|
Batting: RHB Coltin Nellis
|
0-0: SINGLE (Flyball, 8LS, EV 91.9 MPH)
|
|
Batting: LHB Miguel Ramos
|
0-0: Ball 1-0: Ball Wild Pitch! Coltin Nellis to second 2-0: Called Strike 2-1: Ball 3-1: Fly out, F8 (Flyball, 8LD, EV 88.8 MPH)
|
| Top of the 9th over - 1 run, 2 hits, 0 errors, 1 left on base; Kingsport 6 - Bristol 9 |
|